 Dungeon Crawl Stone Soup version 0.26-a0-753-g4680b4fa2e (webtiles) character file.

Game seed: 16262698075181941527

3565 Conn the Covert (level 10, -2/60 HPs)
             Began as an Octopode Fire Elementalist on Nov 7, 2020.
             Was a Believer of Sif Muna.
             Slain by an orc warrior
             ... wielding a +0 long sword
              (26 damage)
             ... on level 7 of the Dungeon.
             The game lasted 00:27:06 (8795 turns).

Conn the Covert (Octopode Fire Elementalist)        Turns: 8795, Time: 00:27:07

Health: -2/60      AC:  1    Str:  7    XL:     10   Next: 9%
Magic:  19/29      EV: 30    Int: 22    God:    Sif Muna [**....]
Gold:   91         SH:  0    Dex: 12    Spells: 0/22 levels left

rFire    + + .     SeeInvis .   u - +3 short sword "Hofriv" {venom, rElec rF+}
rCold    . . .     Faith    .   (no shield)
rNeg     . . .     Spirit   .   (helmet restricted)
rPois    .         Reflect  .   C - amulet of the acrobat
rElec    +         Harm     .   w - ring of magical power
rCorr    .         Rampage  .   E - ring of protection from fire
MR       .....                  (no ring)
Stlth    +++++.....             (no ring)
HPRegen  0.60/turn              (no ring)
MPRegen  0.21/turn              (no ring)
                                (no ring)
                                (no ring)

@: acrobat
A: almost no armour, stealthy swim, amphibious, 8 rings, constrict 8, fangs 1,
camouflage 1, regeneration 1, wild magic 1, gelatinous body 1
a: Channel Magic, Renounce Religion


You were on level 7 of the Dungeon.
You worshipped Sif Muna.
Sif Muna was pleased with you.
You visited 2 branches of the dungeon, and saw 8 of its levels.

You collected 467 gold pieces.
You spent 376 gold pieces at shops.

Inventory:

Hand Weapons
 a - a +5 vampiric dagger
 b - a +3 quarterstaff of chaos
 d - the +3 short sword of Impatience {pain, *Contam Str+4 Int+3 SInv}
   (You took it off a kobold on level 5 of the Dungeon)

   In the hands of one skilled in necromantic magic, it inflicts extra damage on
   living creatures.
   It affects your strength (+4).
   It affects your intelligence (+3).
   It lets you see invisible.
   It causes magical contamination when unequipped.
 m - a +0 short sword
 u - the +3 short sword "Hofriv" (weapon) {venom, rElec rF+}
   (You took it off a big kobold on level 3 of the Dungeon)

   It poisons the flesh of those it strikes.
   It protects you from fire.
   It insulates you from electricity.
Missiles
 e - 13 sling bullets
 g - 7 silver boomerangs (quivered)
 i - 87 poisoned darts
 v - 3 curare-tipped darts
Armour
 F - a cursed +0 buckler
Jewellery
 w - a ring of magical power (left tentacle)
 C - an amulet of the acrobat (around mantle)
 E - a ring of protection from fire (right tentacle)
Wands
 f - a wand of iceblast (9)
 s - a wand of paralysis (5)
 x - a wand of random effects (17)
 D - a wand of polymorph (7)
Scrolls
 c - 4 scrolls of teleportation
 h - a scroll of remove curse
 k - 5 scrolls of enchant armour
 l - 9 scrolls of identify
 q - a scroll of immolation {unknown}
 t - a scroll of magic mapping {unknown}
 y - a scroll of amnesia {unknown}
 B - a scroll of fear {unknown}
Potions
 j - 4 potions of curing {unknown}
 n - 4 potions of heal wounds
 o - a potion of haste {unknown}
 p - 3 potions of mutation
 r - 3 potions of flight
 z - a potion of magic {unknown}
 A - a potion of might {unknown}
 G - 2 potions of invisibility


   Skills:
 + Level 2.1 Fighting
 + Level 2.7 Short Blades
   Level 0.4(1.2) Maces & Flails
 + Level 1.9(2.0) Staves
 + Level 0.4 Throwing
 + Level 4.1 Dodging
 + Level 8.2 Stealth
 + Level 6.8 Spellcasting
 + Level 6.0 Conjurations
 + Level 7.3 Fire Magic
 + Level 1.0 Evocations


You couldn't memorise any spells.
You knew the following spells:

 Your Spells              Type           Power        Failure   Level
a - Foxfire               Conj/Fire      ####         1%          1
b - Conjure Flame         Conj/Fire      #####...     3%          3
c - Inner Flame           Hex/Fire       ####....     9%          3
d - Sticky Flame          Conj/Fire      #####...     9%          4
e - Fireball              Conj/Fire      #####.....   21%         5
f - Magic Dart            Conj           ####         1%          1
g - Mephitic Cloud        Conj/Pois/Air  ###.....     16%         3
h - Blink                 Tloc           N/A          19%         2

Your spell library contained the following spells:

 Spells                   Type           Power        Failure   Level
 Call Imp                 Summ           #.......     19%         2
 Slow                     Hex            #.......     19%         2
 Sublimation of Blood     Necr           #.........   19%         2


Dungeon Overview and Level Annotations

Branches:
Dungeon (7/15)             Temple (1/1) D:4

Altars:
Cheibriados
Elyvilon
Hepliaklqana
Makhleb
Nemelex Xobeh
Ru
Sif Muna
Trog
Uskayaw
Wu Jian
Xom
Yredelemnul
Zin
The Shining One

Shops:
D:4 }=:   D:6 (   D:7 :

Annotations:
D:3 EnegeticOcto's ghost, amateur DETm


Innate Abilities, Weirdness & Mutations

You cannot wear most types of armour.
You are very stealthy in the water. (Stealth+)
You are amphibious.
You can wear up to eight rings at the same time.
You can use your tentacles to constrict eight enemies at once.
Your skin changes colour to match your surroundings (Stealth+).
Your rubbery body absorbs attacks. (AC +1, EV +1)
You have very sharp teeth.
Your natural rate of healing is unusually fast.
Your spells are a little harder to cast, but a little more powerful.


Message History

You constrict the orc warrior, but do no damage.
The orc warrior closely misses you.
You hit the orc warrior but do no damage.
The orc warrior is poisoned.
Your squeeze misses the orc warrior.
The orc warrior is severely wounded.
You constrict the orc warrior, but do no damage.
The orc warrior misses you.
You hit the orc warrior.
The orc warrior is severely wounded.
You constrict the orc warrior, but do no damage.
The orc barely misses you.
The orc warrior hits you with a +0 long sword!!
You hit the orc warrior.
The orc warrior looks even sicker.
The orc warrior is severely wounded.
You constrict the orc warrior, but do no damage.
You release your grip on the orc warrior.
The orc priest invokes the aid of Beogh against you.
Beogh smites you!
The orc warrior hits you with a +0 long sword!!
You die...

#............##...### #.#
#.#.................#########
#.#
#......................#....#
#.#
####.###.#.#...........#....#
#.#
........#.#..o........#....###.#
........#.#...........#.........
........#.#...o.o.....#.........
........# #....o......#.........
..../...#...###@##....#.........
o.o.....#######.# ....#.........
.....(.>o.......# ....#.........
........######### ....#.........
#######.# #####......... #.#
#......... ########.# ########'#
.........# #.# ########## #.#


You could see an orc warrior (very poisoned), an orc priest and 2 orcs.

Vanquished Creatures
  A boulder beetle (D:7)
  Grinder (D:3)
  Duvessa (D:4)
  A black bear (D:6)
  An orc warrior (D:6)
  2 sky beasts
  2 ogres
  Purgy (D:4)
  The ghost of tabo the Chopper, an amateur OpBe of Trog (D:5)
  5 big kobolds
  4 bullfrogs (D:6)
  Dowan (D:4)
  A scorpion (D:5)
  5 killer bees (D:7)
  A howler monkey (D:3)
  A centaur zombie (D:6)
  2 hounds
  2 bullfrog zombies (D:5)
  2 orc priests
  Crazy Yiuf (D:3)
  2 bullfrog skeletons
  An iguana (D:5)
  Jessica (D:3)
  Natasha (thrice) (D:3)
  5 orc wizards
  2 worker ants
  2 hound zombies
  Robin (D:3)
  10 adders
  A shadow imp (D:6)
  2 white imps (D:6)
  An ufetubus (D:6)
  An ooze (D:6)
  An adder skeleton (D:5)
  6 worms
  A dart slug (D:1)
  A leopard gecko (D:1)
  13 orcs
  10 bats
  6 giant cockroaches
  13 goblins
  13 hobgoblins
  11 jackals
  2 quokkas
  6 ball pythons
  3 frilled lizards
  23 kobolds
  A leopard gecko skeleton (D:4)
  4 rats
182 creatures vanquished.

Vanquished Creatures (collateral kills)
  A foxfire (D:4)
1 creature vanquished.

Vanquished Creatures (others)
  621 foxfires
  4 fungi
  5 plants
630 creatures vanquished.

Grand Total: 813 creatures vanquished

Notes
Turn   | Place    | Note
-------+----------+-------------------------------------------
     0 | D:1      | Conn the Octopode Fire Elementalist began the quest for the
                  | Orb.
     0 | D:1      | Reached XP level 1. HP: 11/11 MP: 3/3
   180 | D:2      | Reached XP level 2. HP: 17/17 MP: 0/5
   555 | D:2      | Reached XP level 3. HP: 21/21 MP: 4/6
   608 | D:2      | Learned a level 3 spell: Conjure Flame
   804 | D:2      | Reached skill level 3 in Stealth
  1311 | D:1      | Reached XP level 4. HP: 27/27 MP: 4/7
  2151 | D:1      | Gained mutation: Your magical capacity is low. (-10% MP)
                  | [potion of mutation]
  2151 | D:1      | Gained mutation: You are frail. (-10% HP) [potion of
                  | mutation]
  2151 | D:1      | Gained mutation: You are weak. (Str -2) [potion of
                  | mutation]
  2151 | D:1      | Gained mutation: You evolve. [potion of mutation]
  2152 | D:1      | Lost mutation: You are frail. (-10% HP) [potion of
                  | mutation]
  2152 | D:1      | Lost mutation: You evolve. [potion of mutation]
  2152 | D:1      | Lost mutation: Your magical capacity is low. (-10% MP)
                  | [potion of mutation]
  2152 | D:1      | Gained mutation: You are partially covered in yellow
                  | scales. (AC +2) [potion of mutation]
  2152 | D:1      | Gained mutation: You do not regenerate when monsters are
                  | visible. [potion of mutation]
  2152 | D:1      | Gained mutation: You expend magic power (3 MP) to
                  | strengthen your wands. [potion of mutation]
  2152 | D:1      | Gained mutation: You have very sharp teeth. [potion of
                  | mutation]
  2307 | D:3      | Found a runed translucent gate.
  2307 | D:3      | Found a runed translucent gate.
  2308 | D:3      | Noticed a big kobold
  2335 | D:3      | Reached XP level 5. HP: 9/31 MP: 3/8
  2618 | D:3      | Noticed Natasha
  2628 | D:3      | Killed Natasha
  2844 | D:3      | Found a runed translucent door.
  2845 | D:3      | Noticed Crazy Yiuf
  2931 | D:3      | Killed Crazy Yiuf
  3010 | D:3      | Noticed Natasha
  3023 | D:3      | Killed Natasha
  3113 | D:3      | Noticed Natasha
  3120 | D:3      | Killed Natasha
  3120 | D:3      | Reached XP level 6. HP: 36/36 MP: 6/10
  3165 | D:3      | Noticed EnegeticOcto's ghost (amateur DETm)
  3166 | D:3      | Found a runed translucent gate.
  3167 | D:3      | Identified the +3 short sword "Hofriv" {venom, rElec rF+}
  3185 | D:3      | Noticed Grinder
  3201 | D:3      | Killed Grinder
  3201 | D:3      | Reached skill level 4 in Stealth
  3201 | D:3      | Reached skill level 5 in Fire Magic
  3433 | D:3      | Noticed Jessica
  3436 | D:3      | Reached XP level 7. HP: 42/42 MP: 10/12
  3442 | D:3      | Killed Jessica
  3459 | D:3      | Identified Jessica's Disquisition on Black Rites
  3466 | D:3      | Lost mutation: You expend magic power (3 MP) to strengthen
                  | your wands. [potion of mutation]
  3466 | D:3      | Lost mutation: You do not regenerate when monsters are
                  | visible. [potion of mutation]
  3466 | D:3      | Lost mutation: You are weak. (Str -2) [potion of mutation]
  3466 | D:3      | Lost mutation: You are partially covered in yellow scales.
                  | (AC +2) [potion of mutation]
  3466 | D:3      | Gained mutation: Your spells are a little harder to cast,
                  | but a little more powerful. [potion of mutation]
  3466 | D:3      | Gained mutation: Your natural rate of healing is unusually
                  | fast. [potion of mutation]
  3569 | D:3      | Noticed Robin
  3589 | D:4      | Noticed Purgy
  3755 | D:3      | Killed Robin
  3881 | D:3      | Reached skill level 1 in Staves
  3927 | D:3      | Found a glowing golden altar of the Shining One.
  4300 | D:4      | Noticed Dowan
  4302 | D:4      | Noticed Duvessa
  4331 | D:4      | Killed Duvessa
  4340 | D:4      | Killed Dowan
  4458 | D:4      | Found Xyrim's Jewellery Emporium.
  4459 | D:4      | Found Osalamoe's Gadget Shop.
  4460 | D:4      | Found a staircase to the Ecumenical Temple.
  4467 | Temple   | Entered the Ecumenical Temple
  4506 | Temple   | Became a worshipper of Sif Muna the Loreminder
  4555 | D:4      | Bought a wand of paralysis (10) for 156 gold pieces
  4678 | D:4      | Killed Purgy
  4798 | D:4      | Found a sacrificial altar of Ru.
  4814 | D:4      | Found a bloodstained altar of Trog.
  4863 | D:4      | Found Joines's Book Shoppe.
  5269 | D:3      | Reached XP level 8. HP: 31/47 MP: 8/14
  5543 | D:5      | Entered Level 5 of the Dungeon
  5567 | D:5      | Reached skill level 5 in Stealth
  5567 | D:5      | Reached skill level 5 in Spellcasting
  5615 | D:5      | Found a shimmering altar of Xom.
  5628 | D:5      | Reached skill level 1 in Fighting
  5693 | D:5      | Reached skill level 1 in Short Blades
  5837 | D:5      | Found a runed translucent gate.
  5837 | D:5      | Found a runed translucent gate.
  5837 | D:5      | Found a runed translucent gate.
  5852 | D:5      | Found a shimmering altar of Xom.
  5860 | D:5      | Found a shimmering altar of Xom.
  5862 | D:5      | Found a shimmering altar of Xom.
  5862 | D:5      | Found a shimmering altar of Xom.
  5922 | D:4      | Learned a level 3 spell: Inner Flame
  5927 | D:4      | Learned a level 4 spell: Sticky Flame
  5933 | D:4      | Learned a level 5 spell: Fireball
  6350 | D:5      | Noticed tabo's ghost (amateur OpBe)
  6351 | D:5      | Identified the +3 short sword of Impatience {pain, *Contam
                  | Str+4 Int+3 SInv}
  6361 | D:5      | Reached * piety under Sif Muna
  6461 | D:5      | Killed tabo's ghost
  6553 | D:5      | Reached XP level 9. HP: 53/53 MP: 17/17
  6865 | D:6      | Reached skill level 5 in Conjurations
  6910 | D:6      | Found Voam's Weapon Shop.
  6979 | D:6      | Reached skill level 6 in Stealth
  6985 | D:6      | Found a hide-covered altar of Uskayaw.
  7980 | D:7      | Reached ** piety under Sif Muna
  7991 | D:7      | Noticed a boulder beetle
  8005 | D:7      | Killed a boulder beetle
  8005 | D:7      | Reached skill level 7 in Stealth
  8005 | D:7      | Reached skill level 1 in Evocations
  8037 | D:7      | Reached XP level 10. HP: 60/60 MP: 19/19
  8047 | D:7      | Reached skill level 8 in Stealth
  8307 | D:7      | Found Potrax's Book Shop.
  8319 | D:7      | Bought a book of Minor Magic for 220 gold pieces
  8321 | D:7      | Learned a level 1 spell: Magic Dart
  8325 | D:7      | Learned a level 3 spell: Mephitic Cloud
  8328 | D:7      | Learned a level 2 spell: Blink
  8795 | D:7      | Slain by an orc warrior

Illustrated notes

Levels and vault maps discovered:
D:1:      minmay_arrival_four_circles, layout_basic
D:2:      layout_basic
D:3:      layout_basic, tso_altar, gammafunk_ghost_nasty_kobolds,
          kennysheep_jessica_study, uniq_jessica, uniq_natasha, uniq_grinder,
          uniq_crazy_yiuf_cottage, uniq_robin
D:4:      layout_basic, nicolae_ru_awakened_eye, minmay_temple_entry_overgrown,
          serial_bayou, serial_bayou_pond_b, serial_bayou_pond_d,
          serial_bayou_shore_a, serial_bayou_crossing, serial_shops,
          nicolae_shop_statue_plus, shop, nicolae_shop_window_shopping,
          trog_book, uniq_purgy, uniq_duvessa
D:5:      layout_loops_ring, gammafunk_ghost_nasty_kobolds,
          minmay_stone_trees_large, xom_redecorated
D:6:      layout_basic, overflow_temple_1_default, serial_shops, shop
D:7:      layout_basic, serial_shops, nicolae_shop_stone,
          chequers_serial_rivers_large_b
Temple:   eino_temple_rhombus

Skill      XL: |  1  2  3  4  5  6  7  8  9 10 |
---------------+-------------------------------+-----
Stealth        | 3 4 5 7 8 |  8.2
Fire Magic     | 4 5 6 7 |  7.3
Conjurations   | 2 3 4 5 6 |  6.0
Spellcasting   | 3 4 5 6 |  6.8
Staves         | 1 |  1.9
Fighting       | 1 2 |  2.1
Dodging        | 3 4 |  4.1
Short Blades   | 1 2 |  2.7
Evocations     | 1 |  1.0
Maces & Flails | |  0.4
Throwing       | |  0.4

Action                   |  1- 3 |  4- 6 |  7- 9 | 10-12 || total
-------------------------+-------+-------+-------+-------++-------
Melee: Mace              |    13 |       |       |       ||    13
       Constrict         |     4 |     2 |    16 |     1 ||    23
       Tentacles         |     2 |     3 |    13 |       ||    18
       Short sword       |       |     4 |    71 |     4 ||    79
       Quarterstaff      |       |     3 |     9 |       ||    12
       Dagger            |       |       |     7 |       ||     7
       Bite              |       |       |     8 |       ||     8
Throw: Boomerang         |       |     2 |     1 |       ||     3
 Cast: Foxfire           |    45 |    70 |   207 |    40 ||   362
       Conjure Flame     |       |     1 |     5 |       ||     6
Evoke: Wand              |       |       |     6 |       ||     6
  Use: Scroll            |     4 |     1 |       |       ||     5
       Potion            |       |     2 |     6 |       ||     8
 Stab: Sleeping          |     1 |     2 |    10 |       ||    13
       Paralysed         |       |       |     7 |       ||     7
Armor: Skin              |     6 |     2 |     5 |     2 ||    15
Dodge: Dodged            |    24 |    17 |    91 |    10 ||   142

Table legend: (Time is in decaauts)
 A = Elapsed time spent in this place.
 B = Non-inter-level travel time spent in this place.
 C = Inter-level travel time spent in this place.
 D = Time resting spent in this place.
 E = Time spent auto-exploring this place.
 F = Levels seen in this place.
 G = Mean time per level.
                   A        B        C        D        E       F      G
               +--------+--------+--------+--------+--------+-----+--------+
         Total |   8823 |   8611 |    212 |   1086 |   5039 |   8 | 1102.9 |
       Dungeon |   8767 |   8571 |    196 |   1086 |   5006 |   7 | 1252.4 |
        Temple |     55 |     39 |     16 |      0 |     33 |   1 |   55.0 |
               +--------+--------+--------+--------+--------+-----+--------+

Top non-repeatable levels by time:
     D:3: 2210 daAuts
     D:6: 1230 daAuts
     D:2: 1197 daAuts
     D:1: 1140 daAuts
     D:5: 1113 daAuts
     D:4: 1037 daAuts
     D:7: 836 daAuts
  Temple: 55 daAuts
